EL
ALTOONA CURVE @ SPRINGFIELD CARDINALS
08/04/2049
 
TOP OF THE 1ST
Altoona Curve batting - Pitching for Springfield Cardinals : RHP Parker Warr
Pitching: RHP Parker Warr
Batting: RHB Melvin Durland 0-0: Swinging Strike
0-1: Ball
1-1: Foul Ball, location: 2F
1-2: SINGLE (Line Drive, 34D, EV 97.5 MPH)
Batting: RHB Alex Arzate 0-0: Ball
1-0: Swinging Strike
1-1: Ball
2-1: SINGLE (Groundball, 56D, EV 111.2 MPH)
Melvin Durland to second
Batting: LHB Josh Aerni 0-0: Ball
1-0: Foul Ball, location: 2F
1-1: Ball
2-1: Fly out, F8 (Flyball, 8LD, EV 99.4 MPH)
Batting: RHB Brandon White 0-0: Swinging Strike
0-1: Ball
1-1: Called Strike
1-2: Strikes out swinging
Batting: LHB Joe Wise 0-0: Ball
1-0: Called Strike
1-1: Swinging Strike
1-2: Strikes out looking
Top of the 1st over - 0 runs, 2 hits, 0 errors, 2 left on base; Altoona 0 - Springfield 0
BOTTOM OF THE 1ST
Springfield Cardinals batting - Pitching for Altoona Curve : LHP Alfredo Carranza
Pitching: LHP Alfredo Carranza
Batting: RHB Jeff Long 0-0: Swinging Strike
0-1: Ball
1-1: SINGLE (Line Drive, 5D, EV 105.6 MPH)
Batting: RHB Pablo Nunez 0-0: Called Strike
0-1: Foul Ball, location: 2F
0-2: Strikes out swinging
Batting: RHB McGwire Jones 0-0: Ball
Wild Pitch!
Jeff Long to second
1-0: Called Strike
1-1: SINGLE (Line Drive, 5D, EV 98.1 MPH)
Jeff Long to third
Runner from 3rd tries for Home, SAFE, throw by LF to home
Batting: RHB Immel Kamuzu 0-0: Called Strike
0-1: Ball
1-1: Called Strike
1-2: Fly out, F4 (Flyball, 34D, EV 83.8 MPH)
Batting: RHB Tommy Boudreaux 0-0: SINGLE (Line Drive, 34D, EV 110.0 MPH)
McGwire Jones to second
Batting: RHB Davey Beeson 0-0: Ball
1-0: Swinging Strike
1-1: Ball
2-1: Swinging Strike
2-2: Fly out, F6 (Line Drive, 6MD, EV 70.6 MPH)
Bottom of the 1st over - 1 run, 3 hits, 0 errors, 2 left on base; Altoona 0 - Springfield 1
TOP OF THE 2ND
Altoona Curve batting - Pitching for Springfield Cardinals : RHP Parker Warr
Batting: RHB Jeff Edwards 0-0: SINGLE (Line Drive, 7S, EV 105.0 MPH)
Batting: SHB Ronnie Brooks 0-0: Foul Ball, location: 2F
0-1: Ball
1-1: Foul Ball, location: 2F
1-2: Foul Ball, location: 2F
1-2: Strikes out swinging
Batting: RHB Chris McCoy 0-0: Called Strike
0-1: Swinging Strike
0-2: Ball
1-2: Fielders Choice at 2nd, 2-4 (Groundball, 15S, EV 64.4 MPH)
Batting: RHB Terrence Wilson 0-0: Ball
1-0: Ground out 4-3 (Groundball, 4, EV 103.1 MPH)
Top of the 2nd over - 0 runs, 1 hit, 0 errors, 1 left on base; Altoona 0 - Springfield 1
BOTTOM OF THE 2ND
Springfield Cardinals batting - Pitching for Altoona Curve : LHP Alfredo Carranza
Batting: RHB Kalidas Mishra 0-0: Ball
1-0: SINGLE (Groundball, 34D, EV 106.2 MPH)
Batting: LHB Angelo Vasquez 0-0: Called Strike
Kalidas Mishra is caught stealing 2nd base 2-6
0-1: Ball
1-1: Foul Ball, location: 2F
1-2: Ball
2-2: Strikes out swinging
Batting: RHB Juan Martinez 0-0: Ball
1-0: Fly out, F5 (Line Drive, 56, EV 71.9 MPH)
Bottom of the 2nd over - 0 runs, 1 hit, 0 errors, 0 left on base; Altoona 0 - Springfield 1
TOP OF THE 3RD
Altoona Curve batting - Pitching for Springfield Cardinals : RHP Parker Warr
Batting: RHB Melvin Durland 0-0: Ball
1-0: Ball
2-0: Called Strike
2-1: Ground out 1-3 (Groundball, 15S, EV 75.0 MPH)
Batting: RHB Alex Arzate 0-0: Foul Ball, location: 2F
0-1: Ground out 6-3 (Groundball, 6, EV 83.1 MPH)
Batting: LHB Josh Aerni 0-0: Called Strike
0-1: SINGLE (Groundball, 34D, EV 94.4 MPH)
Batting: RHB Brandon White 0-0: Called Strike
0-1: Ball
1-1: Ball
2-1: Ball
3-1: Foul Ball, location: 2F
3-2: SINGLE (Flyball, 6D, EV 91.9 MPH)
Josh Aerni to second
Josh Aerni to third
Batting: LHB Joe Wise 0-0: Ball
1-0: Swinging Strike
1-1: Called Strike
1-2: Ground out 1-3 (Groundball, 13S, EV 71.2 MPH)
Top of the 3rd over - 0 runs, 2 hits, 0 errors, 2 left on base; Altoona 0 - Springfield 1
BOTTOM OF THE 3RD
Springfield Cardinals batting - Pitching for Altoona Curve : LHP Alfredo Carranza
Batting: RHB Jeff Long 0-0: Ball
1-0: Called Strike
1-1: SINGLE (Line Drive, 89S, EV 104.4 MPH)
Batting: RHB Pablo Nunez 0-0: Called Strike
0-1: Ball
1-1: Foul Ball, location: 2F
1-2: Foul Ball, location: 2F
1-2: Foul Ball, location: 2F
1-2: SINGLE (Line Drive, 8RS, EV 93.8 MPH)
Jeff Long to second
Runner from 2nd tries for 3rd, SAFE, throw by CF made to third
Batting: RHB McGwire Jones 0-0: Ball
1-0: Foul Ball, location: 2F
1-1: Swinging Strike
1-2: Ball
2-2: Ball
3-2: Base on Balls
Pablo Nunez to second
Batting: RHB Immel Kamuzu 0-0: Called Strike
0-1: Foul Ball, location: 2F
0-2: Fly out, F7 (Line Drive, 7D, EV 98.1 MPH)
Runner from 3rd tags up, SCORES, throw by LF
Pablo Nunez to third
Batting: RHB Tommy Boudreaux 0-0: Fly out, F7 (Flyball, 7D, EV 105.6 MPH)
Runner from 3rd tags up, SCORES, no throw by LF
Batting: RHB Davey Beeson 0-0: Ball
1-0: Ball
2-0: Swinging Strike
2-1: Called Strike
2-2: Fly out, F6 (Popup, 6MD, EV 72.5 MPH)
Bottom of the 3rd over - 2 runs, 2 hits, 0 errors, 1 left on base; Altoona 0 - Springfield 3
TOP OF THE 4TH
Altoona Curve batting - Pitching for Springfield Cardinals : RHP Parker Warr
Batting: RHB Jeff Edwards 0-0: Fly out, F9 (Flyball, 9LS, EV 84.4 MPH)
Batting: SHB Ronnie Brooks 0-0: Called Strike
0-1: Ball
1-1: Ball
2-1: SINGLE (Groundball, 13S, EV 66.2 MPH) (infield hit)
Batting: RHB Chris McCoy 0-0: Fielders Choice at 2nd, 5-4 (Groundball, 56, EV 83.1 MPH)
Batting: RHB Terrence Wilson 0-0: Ball
1-0: Ball
2-0: Foul Ball, location: 2F
2-1: Called Strike
2-2: Foul Ball, location: 2F
2-2: Fly out, F4 (Popup, 4, EV 54.4 MPH)
Top of the 4th over - 0 runs, 1 hit, 0 errors, 1 left on base; Altoona 0 - Springfield 3
BOTTOM OF THE 4TH
Springfield Cardinals batting - Pitching for Altoona Curve : LHP Alfredo Carranza
Batting: RHB Kalidas Mishra 0-0: Foul Ball, location: 2F
0-1: Called Strike
0-2: Ball
1-2: Foul Ball, location: 2F
1-2: Hit by Pitch
Batting: LHB Angelo Vasquez 0-0: Ball
1-0: Ball
2-0: Ball
3-0: Called Strike
3-1: Base on Balls
Kalidas Mishra to second
Batting: RHB Juan Martinez 0-0: Fly out, F6 (Popup, 6M, EV 51.2 MPH)
Batting: RHB Jeff Long 0-0: Called Strike
0-1: Grounds into double play, 6-4-3 (Groundball, 6, EV 87.5 MPH)
Bottom of the 4th over - 0 runs, 0 hits, 0 errors, 1 left on base; Altoona 0 - Springfield 3
TOP OF THE 5TH
Altoona Curve batting - Pitching for Springfield Cardinals : RHP Parker Warr
Batting: RHB Melvin Durland 0-0: Ball
1-0: Foul Ball, location: 2F
1-1: Ball
2-1: SOLO HOME RUN (Flyball, 7D, EV 98.8 MPH), Distance : 381 ft
Batting: RHB Alex Arzate 0-0: Called Strike
0-1: Ball
1-1: Ball
2-1: Called Strike
2-2: Foul Ball, location: 2F
2-2: DOUBLE (Line Drive, 7LM, EV 104.4 MPH)
Batting: LHB Josh Aerni 0-0: Ball
1-0: Called Strike
1-1: Called Strike
1-2: Foul Ball, location: 2F
1-2: Ball
2-2: Ball
3-2: Base on Balls
Batting: RHB Brandon White 0-0: Ball
1-0: Ball
2-0: Swinging Strike
2-1: Foul Ball, location: 2F
2-2: Ball
3-2: Foul Ball, location: 2F
3-2: Strikes out looking
Batting: LHB Joe Wise 0-0: Ball
1-0: Foul Ball, location: 2F
1-1: Foul Ball, location: 2F
1-2: Ball
2-2: Ball
3-2: Fielders Choice at 2nd, 4-6 (Groundball, 34D, EV 96.9 MPH)
Alex Arzate to third
Batting: RHB Jeff Edwards 0-0: Called Strike
0-1: Ball
1-1: SINGLE (Flyball, 8LS, EV 86.2 MPH)
Alex Arzate scores
Joe Wise to second
Batting: SHB Ronnie Brooks 0-0: Called Strike
0-1: Swinging Strike
0-2: Ball
1-2: Strikes out swinging
Top of the 5th over - 2 runs, 3 hits, 0 errors, 2 left on base; Altoona 2 - Springfield 3
BOTTOM OF THE 5TH
Springfield Cardinals batting - Pitching for Altoona Curve : LHP Alfredo Carranza
Batting: RHB Pablo Nunez 0-0: Ball
1-0: Fly out, F7 (Flyball, 78M, EV 91.9 MPH)
Batting: RHB McGwire Jones 0-0: Called Strike
0-1: Foul Ball, location: 2F
0-2: Ball
1-2: Ball
2-2: Foul Ball, location: 2F
2-2: Foul Ball, location: 2F
2-2: SINGLE (Groundball, 56D, EV 100.6 MPH)
Batting: RHB Immel Kamuzu 0-0: Ball
1-0: Swinging Strike
1-1: Ball
2-1: Swinging Strike
2-2: Strikes out swinging
Batting: RHB Tommy Boudreaux 0-0: Called Strike
0-1: Called Strike
0-2: Ball
1-2: Fielders Choice at 2nd, U4 (Groundball, 4M, EV 89.4 MPH)
Bottom of the 5th over - 0 runs, 1 hit, 0 errors, 1 left on base; Altoona 2 - Springfield 3
TOP OF THE 6TH
Altoona Curve batting - Pitching for Springfield Cardinals : RHP Parker Warr
Batting: RHB Chris McCoy 0-0: Fly out, F8 (Line Drive, 8LM, EV 88.1 MPH)
Batting: RHB Terrence Wilson 0-0: Called Strike
0-1: Ball
1-1: Foul Ball, location: 2F
1-2: Ball
2-2: Ball
3-2: Foul Ball, location: 2F
3-2: Foul Ball, location: 2F
3-2: Base on Balls
Batting: RHB Melvin Durland 0-0: Fly out, F7 (Flyball, 78M, EV 95.6 MPH)
Batting: RHB Alex Arzate Pickoff Throw to First - Out! 1-3
Top of the 6th over - 0 runs, 0 hits, 0 errors, 0 left on base; Altoona 2 - Springfield 3
BOTTOM OF THE 6TH
Springfield Cardinals batting - Pitching for Altoona Curve : LHP Alfredo Carranza
Batting: RHB Davey Beeson 0-0: Ball
1-0: Swinging Strike
1-1: Foul Ball, location: 2F
1-2: Ball
2-2: Fly out, F9 (Flyball, 9S, EV 78.1 MPH)
Batting: RHB Kalidas Mishra 0-0: Swinging Strike
0-1: Called Strike
0-2: Ball
1-2: Strikes out swinging
Batting: LHB Angelo Vasquez 0-0: Ball
1-0: Swinging Strike
1-1: Foul Ball, location: 2F
1-2: Foul Ball, location: 2F
1-2: Ball
2-2: Ball
3-2: Foul Ball, location: 2F
3-2: SINGLE (Line Drive, 89S, EV 99.4 MPH)
Batting: RHB Juan Martinez 0-0: Called Strike
0-1: 2-RUN HOME RUN (Line Drive, 78XD, EV 103.1 MPH), Distance : 407 ft
Pitching: RHP Dave Weinraub
Batting: RHB Jeff Long 0-0: Ball
1-0: Ball
2-0: Ground out 4-3 (Groundball, 4M, EV 85.0 MPH)
Bottom of the 6th over - 2 runs, 2 hits, 0 errors, 0 left on base; Altoona 2 - Springfield 5
TOP OF THE 7TH
Altoona Curve batting - Pitching for Springfield Cardinals : RHP Parker Warr
Batting: RHB Alex Arzate 0-0: Ball
1-0: Ball
2-0: Swinging Strike
2-1: SINGLE (Groundball, 6MD, EV 103.1 MPH)
Batting: LHB Josh Aerni 0-0: Ball
1-0: Ball
2-0: Called Strike
2-1: Fly out, F8 (Flyball, 8RM, EV 80.0 MPH)
Pitching: RHP Branden Maynard
Batting: RHB Brandon White 0-0: Ball
1-0: Called Strike
1-1: Ball
2-1: Ball
Alex Arzate steals 2nd base (no throw)
3-1: Foul Ball, location: 2F
3-2: Foul Ball, location: 2F
3-2: SINGLE (Line Drive, 56, EV 100.0 MPH)
Alex Arzate to third
Runner from 3rd tries for Home, SAFE, throw by LF to home
Batting: LHB Joe Wise 0-0: Ball
1-0: Swinging Strike
1-1: Foul Ball, location: 2F
1-2: SINGLE (Groundball, 34S, EV 84.4 MPH) (infield hit)
Brandon White to second
Batting: RHB Jeff Edwards 0-0: Swinging Strike
0-1: Fly out, F9 (Line Drive, 89M, EV 100.6 MPH)
Batting: SHB Ronnie Brooks 0-0: Ball
1-0: Foul Ball, location: 2F
1-1: Called Strike
1-2: Ball
2-2: Ball
3-2: SINGLE (Groundball, 34D, EV 101.9 MPH)
Brandon White to third
Joe Wise to second
Brandon White scores
Joe Wise to third
Batting: RHB Chris McCoy 0-0: Ball
1-0: Ground out 4-3 (Groundball, 13, EV 79.4 MPH)
Top of the 7th over - 2 runs, 4 hits, 0 errors, 2 left on base; Altoona 4 - Springfield 5
BOTTOM OF THE 7TH
Springfield Cardinals batting - Pitching for Altoona Curve : RHP Dave Weinraub
Batting: RHB Pablo Nunez 0-0: Called Strike
0-1: Fly out, F9 (Line Drive, 9LM, EV 109.4 MPH)
Batting: RHB McGwire Jones 0-0: Called Strike
0-1: Foul Ball, location: 2F
0-2: Strikes out swinging
Batting: RHB Immel Kamuzu 0-0: Ball
1-0: Fly out, F6 (Popup, 4M, EV 60.0 MPH)
Bottom of the 7th over - 0 runs, 0 hits, 0 errors, 0 left on base; Altoona 4 - Springfield 5
TOP OF THE 8TH
Altoona Curve batting - Pitching for Springfield Cardinals : RHP Branden Maynard
Pitching: RHP Craig Daniel
Batting: RHB Terrence Wilson 0-0: Foul Ball, location: 2F
0-1: Ball
1-1: Swinging Strike
1-2: Strikes out looking
Batting: RHB Melvin Durland 0-0: Ball
1-0: Foul Ball, location: 2F
1-1: Foul Ball, location: 2F
1-2: Ball
2-2: Strikes out swinging
Batting: RHB Alex Arzate 0-0: Ground out 6-3 (Groundball, 6, EV 103.1 MPH)
Top of the 8th over - 0 runs, 0 hits, 0 errors, 0 left on base; Altoona 4 - Springfield 5
BOTTOM OF THE 8TH
Springfield Cardinals batting - Pitching for Altoona Curve : RHP Dave Weinraub
Batting: RHB Tommy Boudreaux 0-0: Called Strike
0-1: Ball
1-1: Ball
2-1: Foul Ball, location: 2F
2-2: Ground out 5-3 (Groundball, 56, EV 90.0 MPH)
Batting: RHB Davey Beeson 0-0: Ball
1-0: Ball
2-0: Called Strike
2-1: Foul Ball, location: 2F
2-2: Ground out 4-3 (Groundball, 4, EV 86.2 MPH)
Batting: RHB Kalidas Mishra 0-0: Swinging Strike
0-1: Ball
1-1: Foul Ball, location: 2F
1-2: Strikes out swinging, 2-3 out at first.
Bottom of the 8th over - 0 runs, 0 hits, 0 errors, 0 left on base; Altoona 4 - Springfield 5
TOP OF THE 9TH
Altoona Curve batting - Pitching for Springfield Cardinals : RHP Craig Daniel
Pitching: LHP John Grinter
Batting: LHB Josh Aerni 0-0: Ball
1-0: Ball
2-0: Called Strike
2-1: Called Strike
2-2: Ball
3-2: Foul Ball, location: 2F
3-2: Foul Ball, location: 2F
3-2: Fly out, F8 (Flyball, 8RD, EV 83.8 MPH)
Batting: RHB Brandon White 0-0: Called Strike
0-1: Ground out 5-3 (Groundball, 5, EV 87.5 MPH)
Pinch Hitting: RHB Tim Moore 0-0: SINGLE (Line Drive, 6MD, EV 93.8 MPH)
Batting: RHB Jeff Edwards 0-0: Swinging Strike
0-1: Foul Ball, location: 2F
0-2: Strikes out swinging
Top of the 9th over - 0 runs, 1 hit, 0 errors, 1 left on base; Altoona 4 - Springfield 5
Sunday, July 16th , 2023 - OOTP Baseball 24.6 Build 69